 Dungeon Crawl Stone Soup version 0.18-a0-1789-gbeff17f (webtiles) character file.

210 dobroeutro the Skirmisher (level 5, -2/34 HPs)
             Began as a Gargoyle Fighter on Apr 21, 2016.
             Was an Initiate of Okawaru.
             Slain by an orc
             ... wielding a +0 mace
              (3 damage)
             ... on level 3 of the Dungeon.
             The game lasted 00:04:47 (1682 turns).

dobroeutro the Skirmisher (Gargoyle Fighter)        Turns: 1682, Time: 00:04:48

Health: -2/34      AC: 13    Str: 21    XL:     5   Next: 87%
Magic:  5/5        EV:  8    Int:  8    God:    Okawaru [......]
Gold:   186        SH:  9    Dex:  9    Spells: 0 memorised, 4 levels left

rFire  . . .     SeeInvis .     a - +0 flail
rCold  . . .     Gourm    .     g - +2 ring mail {rPois}
rNeg   + . .     Faith    .     c - +0 shield
rPois  ∞         Spirit   .     (no helmet)
rElec  +         Dismiss  .     (no cloak)
rCorr  .         Reflect  .     l - +0 pair of gloves
SustAt .         Harm     .     (no boots)
MR     .....                    (no amulet)
Stlth  +.........               (no ring)
                                r - ring of stealth

@: not resistant to hostile enchantments, very unstealthy
A: negative energy resistance 1, electricity resistance, unbreathing,
petrification resistance, rot immunity, AC +4
a: Renounce Religion


You were on level 3 of the Dungeon.
You worshipped Okawaru.
Okawaru was noncommittal.
You were not hungry.

You visited 1 branch of the dungeon, and saw 3 of its levels.

You collected 186 gold pieces.

Inventory:

Hand Weapons
 a - a +0 flail (weapon)
Armour
 b - a +0 scale mail
 c - a +0 shield (worn)
 g - a +2 ring mail of poison resistance (worn)
 l - a +0 pair of gloves (worn)
Jewellery
 r - a ring of stealth (left hand)
Wands
 n - a wand of flame (28/48)
Scrolls
 e - a scroll of identify {unknown}
 h - 2 scrolls of remove curse {unknown}
 i - 2 scrolls of teleportation {unknown}
 k - a scroll of magic mapping {unknown}
 q - a scroll of enchant armour {unknown}
 s - a scroll of random uselessness {unknown}
 v - a scroll of immolation {unknown}
Potions
 d - a potion of might
 j - 2 potions of lignification {unknown}
 m - a potion of curing {unknown}
 o - 2 potions of heal wounds {unknown}
 p - a potion of invisibility {unknown}
 t - a potion of ambrosia {unknown}
Comestibles
 f - 2 bread rations
 u - 2 chunks of flesh


   Skills:
 + Level 4.6 Fighting
 + Level 3.2 Maces & Flails
 + Level 4.4 Armour
 + Level 4.4 Shields


You had 4 spell levels left.
You didn't know any spells.

Dungeon Overview and Level Annotations

Branches:
Dungeon (3/15)

Altars:
Fedhas
Kikubaaqudgha
Okawaru
Qazlal
Trog
Xom
Yredelemnul


Innate Abilities, Weirdness & Mutations

You are resistant to torment.
Your stone body is resilient (AC +4).
You are immune to poison.
You resist negative energy.
You are resistant to electric shocks.
You can survive without breathing.
You are immune to petrification.
You are immune to rotting.


Message History

You sock the orc priest!
The orc priest is heavily wounded.
You block the orc's attack. The orc completely misses you.
The orc priest hits you but does no damage.
The orc barely misses you.
You closely miss the orc priest.
The orc priest is heavily wounded.
The orc hits you but does no damage. The orc priest hits you with a dagger.
The orc hits you with a mace. You block the orc's attack.
Your shield and ring mail prevent you from hitting the orc priest.
The orc priest is heavily wounded.
The orc priest invokes the aid of Beogh against you.
Beogh smites you!
* * * LOW HITPOINT WARNING * * *
You block the orc's attack.
The orc priest invokes the aid of Beogh against you.
Beogh smites you!
* * * LOW HITPOINT WARNING * * *
The orc hits you with a mace.
You die...

#.......# #.(.....
....... #.....#
##.....##
#.......############ #
#...ooo.#..........# #
#....@..#..........###
##.....##.......>..#..
##...................
##.###...........#.#
#.###.......>......
#..................
#.>##............##
##..#..##...........
#.........#.....###.


You could see an orc priest and 2 orcs.

Vanquished Creatures
  Jessica (D:3)
  4 gnolls
  7 adders
  2 oozes (D:1)
  A worm (D:2)
  A dart slug (D:1)
  3 giant geckos
  2 orcs (D:3)
  3 bats
  4 giant cockroaches
  5 goblins
  5 hobgoblins
  5 jackals
  3 kobolds
  2 quokkas
  4 giant newts (D:1)
  18 rats
70 creatures vanquished.

Notes
Turn   | Place    | Note
--------------------------------------------------------------
     0 | D:1      | dobroeutro the Gargoyle Fighter began the quest for the Orb.
     0 | D:1      | Reached XP level 1. HP: 14/14 MP: 1/1
    33 | D:1      | Reached XP level 2. HP: 13/19 MP: 2/2
   223 | D:1      | Reached XP level 3. HP: 22/23 MP: 3/3
   645 | D:1      | Reached XP level 4. HP: 29/29 MP: 4/4
   781 | D:2      | Found an iron altar of Okawaru.
   811 | D:2      | Became a worshipper of Warmaster Okawaru
   950 | D:2      | Reached XP level 5. HP: 26/33 MP: 5/5
  1456 | D:3      | Found a basalt altar of Yredelemnul.
  1473 | D:3      | Found a blossoming altar of Fedhas.
  1476 | D:3      | Found a stormy altar of Qazlal.
  1495 | D:3      | Noticed Jessica
  1503 | D:3      | Killed Jessica
  1546 | D:3      | Found a shimmering altar of Xom.
  1549 | D:3      | Found an ancient bone altar of Kikubaaqudgha.
  1552 | D:3      | Found a bloodstained altar of Trog.
  1682 | D:3      | HP: 1/34 [orc priest/divine providence (8)]
  1682 | D:3      | Slain by an orc

Vault maps used:
D:1:      erik_arrival_orb_chamber
D:2:      nicolae_overflow_crystal_walls
D:3:      grunt_temple_overflow_forces_of_nature, old_standard_altar,
          grunt_temple_overflow_open, grunt_temple_overflow_diamond,
          uniq_jessica

Skill      XL: |  1  2  3  4  5 |
---------------+----------------+-----
Fighting       | 4 |  4.6
Armour         | 4 |  4.4
Shields        | 4 |  4.4
Maces & Flails | 3 |  3.2

Action                   |  1- 3 |  4- 6 || total
-------------------------+-------+-------++-------
Melee: Flail             |   112 |   166 ||   278
 Stab: Sleeping          |       |     2 ||     2
  Eat: Chunk             |       |     3 ||     3
Armor: Scale mail        |    32 |       ||    32
       Ring mail         |    39 |    74 ||   113
Dodge: Dodged            |    40 |    68 ||   108
Block: Shield            |    65 |    85 ||   150
